 Dungeon Crawl Stone Soup version 0.30-a0-1164-ge08a67761e (webtiles) character file.

Game seed: 4203878249216860249

187 jasper the Magician (level 5, 0/24 HPs)
             Began as a Spriggan Earth Elementalist on Apr 29, 2023.
             Slain by a kobold brigand
             ... wielding a +0 dagger
              (7 damage)
             ... on level 4 of the Dungeon.
             The game lasted 00:04:24 (2834 turns).

jasper the Magician (Spriggan Earth Elementalist)   Turns: 2834, Time: 00:04:25

Health: 0/24       AC:  2    Str:  4    XL:     5   Next: 39%
Magic:  9/13       EV: 17    Int: 19    God:
Gold:   437        SH:  0    Dex: 15    Spells: 7/13 levels left

rFire   . . .        d - +0 quarterstaff (speed)
rCold   . . .        (shield currently unavailable)
rNeg    . . .        a - +0 robe
rPois   .            (helmet restricted)
rElec   .            (no cloak)
rCorr   .            (gloves unavailable)
SInv    +            (boots unavailable)
Will    +....        (no amulet)
Stlth   ++           f - ring of flight
HPRegen 0.24/turn    o - ring of willpower
MPRegen 0.13/turn

%: no passive effects
@: flying, very quick
A: very small, no large weapons, unfitting armour, see invisible, speed 3
a: no special abilities


You were on level 4 of the Dungeon.
You visited 1 branch of the dungeon, and saw 4 of its levels.

You collected 437 gold pieces.

Inventory:

Hand Weapons
 c - a +0 whip
 d - a +0 quarterstaff of speed (weapon)
Missiles
 s - a throwing net
Armour
 a - a +0 robe (worn)
Magical Staves
 m - a staff of cold
Jewellery
 f - a ring of flight (left hand)
 o - a ring of willpower (right hand)
Scrolls
 e - a scroll of identify
Potions
 b - a potion of magic
 g - 2 potions of might
 h - a potion of mutation {unknown}
 i - a potion of flight
 k - 4 potions of curing
 n - 2 potions of attraction {unknown}
 p - 2 potions of degeneration {unknown}
 q - 3 potions of heal wounds {unknown}
 u - a potion of haste {unknown}


   Skills:
 - Level 2.6 Dodging
 - Level 3.0 Stealth
 + Level 4.8 Spellcasting
 + Level 1.5 Conjurations
 - Level 1.3 Transmutations
 + Level 4.1 Earth Magic


You had 7 spell levels left.
You knew the following spells:

 Your Spells              Type           Power      Damage    Failure   Level
a - Sandblast             Erth           40%        2d10      2%          1
b - Passwall              Tmut/Erth      11%        N/A       6%          2
c - Stone Arrow           Conj/Erth      30%        3d8       12%         3

Your spell library contained the following spells:

 Spells                   Type           Power      Damage    Failure   Level
 Freeze                   Ice            16%        1d4       13%         1
 Hailstorm                Conj/Ice       7%         3d4       28%         3
 Call Canine Familiar     Summ           4%         N/A       36%         3
 Frozen Ramparts          Ice            8%         1d2       36%         3
 Portal Projectile        Hex/Tloc       8%         N/A       36%         3
 Petrify                  Tmut/Erth      14%        N/A       38%         4
 Leda's Liquefaction      Hex/Erth       6%         N/A       47%         4


Dungeon Overview and Level Annotations

Branches:
Dungeon (4/15)
 Temple: D:4-7

Altars:

Shops:
D:3 :


Innate Abilities, Weirdness & Mutations

You are very small and have problems with some larger weapons.
You are too small for most types of armour.
You have supernaturally acute eyesight. (SInv)
You cover ground extremely quickly. (Speed+++)


Message History

MP restored: 13 A kobold brigand comes into view.
It is wielding a +0 dagger and quivering poisoned darts.
A kobold brigand is nearby!
Aiming: Sandblast (safe; 2% risk of failure)
Press: ? - help, Q - select action, (/) - cycle Shift-Dir - straight line, f - kobold brigand
Aim: a kobold brigand, wielding a +0 dagger and quivering poisoned darts (wandering, hasn't noticed you, 79% to hit)
The blast of sand hits the kobold brigand!
The kobold brigand is moderately wounded.
The kobold brigand shouts!
You now have 12/13 mp.
Aiming: Sandblast (safe; 2% risk of failure)
Press: ? - help, Q - select action, (/) - cycle Shift-Dir - straight line, f - you That would be overly suicidal.
Okay, then.
Unknown command.
The kobold brigand hits you with a +0 dagger.
You take 5 damage, and have 19/24 hp.
MASSIVE DAMAGE!!
Aiming: Sandblast (safe; 2% risk of failure)
Press: ? - help, Q - select action, (/) - cycle Shift-Dir - straight line, f - kobold brigand
Aim: a kobold brigand, wielding a +0 dagger and quivering poisoned darts (moderately wounded, 79% to hit)
The blast of sand hits the kobold brigand.
The kobold brigand is heavily wounded.
The kobold brigand hits you with a +0 dagger. x2
You take 5 damage, and have 14/24 hp.
MASSIVE DAMAGE!!
You now have 11/13 mp.
Aiming: Sandblast (safe; 2% risk of failure)
Press: ? - help, Q - select action, (/) - cycle Shift-Dir - straight line, f/p - kobold brigand
Aim: a kobold brigand, wielding a +0 dagger and quivering poisoned darts (heavily wounded, 79% to hit)
The blast of sand hits the kobold brigand.
The kobold brigand is severely wounded.
The kobold brigand misses you.
You now have 10/13 mp.
Aiming: Sandblast (safe; 2% risk of failure)
Press: ? - help, Q - select action, (/) - cycle Shift-Dir - straight line, f/p - kobold brigand
Aim: a kobold brigand, wielding a +0 dagger and quivering poisoned darts (severely wounded, 79% to hit)
The blast of sand hits the kobold brigand.
The kobold brigand is severely wounded.
The kobold brigand hits you with a +0 dagger!
* * * LOW HITPOINT WARNING * * *
The kobold brigand hits you with a +0 dagger!
You die...

#### . #.
...#.. #.###
....
##...###..
#....@#.##
...#..K#...#
. #####...# #
..#...#...#
.#
#.....#.###.#
##...###.).##
#.###.#.....#
#.
#...#...#...#
# #...#####
..# .#


You could see a kobold brigand.

Vanquished Creatures
  2 orc wizards (D:3)
  5 adders
  A dart slug (D:3)
  3 orcs (D:3)
  6 endoplasms
  2 giant cockroaches (D:1)
  6 goblins
  7 hobgoblins
  14 jackals
  9 kobolds
  3 quokkas
  4 ball pythons
  10 bats
  3 frilled lizards
  7 rats
82 creatures vanquished.

Notes
Turn   | Place    | Note
-------+----------+-------------------------------------------
     0 | D:1      | jasper the Spriggan Earth Elementalist began the quest for
                  | the Orb.
     0 | D:1      | Reached XP level 1. HP: 9/9 MP: 5/5
   217 | D:1      | Reached XP level 2. HP: 7/13 MP: 1/7
   479 | D:1      | Reached XP level 3. HP: 11/16 MP: 0/9
   493 | D:1      | Learned a level 2 spell: Passwall
   497 | D:1      | Learned a level 3 spell: Stone Arrow
   990 | D:1      | Found a faded altar of an unknown god.
  1544 | D:2      | Reached XP level 4. HP: 21/21 MP: 9/11
  1949 | D:3      | Reached skill level 1 in Conjurations
  2122 | D:3      | Reached XP level 5. HP: 20/24 MP: 1/13
  2421 | D:3      | Found Zur Furi's Book Shop.
  2743 | D:3      | Identified a scroll of acquirement
  2743 | D:3      | Acquired 293 gold pieces
  2834 | D:4      | Slain by a kobold brigand

Illustrated notes

Levels and vault maps discovered:
D:1:      dpeg_arrival_rooms_c, layout_basic,
          chequers_ecumenical_altar_simple_redux, minmay_door_square
D:2:      layout_basic, serial_glass, glass_columns_a, glass_columns_c,
          glass_columns_c, glass_columns_c, glass_columns_a, glass_columns_a,
          glass_columns_c, glass_columns_a, glass_columns_b, glass_columns_a,
          glass_columns_a, glass_columns_b, glass_columns_a, glass_columns_a
D:3:      minmay_general_purpose_star, layout_loops_ring, serial_shops,
          nicolae_shop_crystal, minmay_statues_item
D:4:      nicolae_cairo_tiling, layout_basic, portal_sewer_entry_b,
          uniq_eustachio

Skill      XL: |  1  2  3  4 |
---------------+-------------+-----
Spellcasting   | 3 4 |  4.8
Earth Magic    | 3 4 |  4.1
Conjurations   | 1 |  1.5
Dodging        | |  2.6
Stealth        | |  3.0
Transmutations | |  1.3

Action                     |  1- 3 |  4- 6 || total
---------------------------+-------+-------++-------
  Melee: Quarterstaff      |    23 |     6 ||    29
   Cast: Sandblast         |    63 |    47 ||   110
    Use: Scroll            |       |     9 ||     9
 Armour: Robe              |     9 |     5 ||    14
  Dodge: Dodged            |    36 |    16 ||    52

Table legend: (Time is in decaauts)
 A = Elapsed time spent in this place.
 B = Non-inter-level travel time spent in this place.
 C = Inter-level travel time spent in this place.
 D = Time resting spent in this place.
 E = Time spent auto-exploring this place.
 F = Levels seen in this place.
 G = Mean time per level.
                   A        B        C        D        E       F      G
               +--------+--------+--------+--------+--------+-----+--------+
         Total |   2161 |   2121 |     40 |     18 |   1710 |   4 |  540.2 |
       Dungeon |   2161 |   2121 |     40 |     18 |   1710 |   4 |  540.2 |
               +--------+--------+--------+--------+--------+-----+--------+

Top non-repeatable levels by time:
     D:1: 889 daAuts
     D:3: 683 daAuts
     D:2: 553 daAuts
     D:4: 36 daAuts
